 Dungeon Crawl Stone Soup version 0.16-a0-702-gf4f471d (webtiles) character file.

67 PolkaDot the Insei (level 3, -1/29 HPs)
             Began as a Draconian Transmuter on Sept 20, 2014.
             Slain by a gnoll
             ... wielding a +4 spear of piercing
              (7 damage)
             ... on Level 2 of the Dungeon.
             The game lasted 00:05:48 (2163 turns).

PolkaDot the Insei (Draconian Transmuter)           Turns: 2163, Time: 00:05:48

HP  -1/29        AC  5     Str 12      XL: 3   Next: 98%
MP   0/6         EV 12     Int 13      God:
Gold 73          SH  0     Dex 12      Spells:  2 memorised,  3 levels left

rFire  . . .     SeeInvis .       - Unarmed
rCold  . . .     Clarity  .     (armour unavailable)
rNeg   . . .     rCorr    .     (no shield)
rPois  .         rRot     .     (helmet restricted)
rElec  .         Spirit   .     (no cloak)
SustAb +         Warding  .     (no gloves)
rMut   .         Stasis   .     (no boots)
Gourm  .                        c - amulet of faith
MR     .....                    (no ring)
                                i - ring of sustain abilities

@: appendage, very slightly contaminated, not resistant to hostile enchantments,
very unstealthy
A: unfitting armour, horns 2, cold-blooded, AC +5
a: End Transformation


You were on level 2 of the Dungeon.
You were hungry.
You had grown temporary horns.
You visited 1 branch of the dungeon, and saw 2 of its levels.

You collected 73 gold pieces.

Inventory:

Missiles
 b - 44 arrows
Comestibles
 a - 2 bread rations
 j - 3 rotting chunks of hobgoblin flesh
 t - a royal jelly
Scrolls
 f - a scroll of immolation {unknown}
 g - a scroll of identify {unknown}
 h - a scroll of fear {unknown}
Jewellery
 c - an amulet of faith (around neck)
 i - a ring of sustain abilities (left hand)
Potions
 e - a potion of invisibility {unknown}
 k - 2 potions of mutation {unknown}
 n - 2 potions of porridge
 r - a potion of restore abilities {unknown}
 s - a potion of agility {unknown}
Books
 d - a book of Changes

   Spells                             Type                      Level
   *Beastly Appendage                 Transmutation                1
   *Sticks to Snakes                  Transmutation                2
   Spider Form                        Transmutation/Poison         3
   Ice Form                           Ice/Transmutation            4
   Blade Hands                        Transmutation                5


   Skills:
 - Level 2.0 Fighting
 - Level 1.7 Dodging
 * Level 4.6 Unarmed Combat
 - Level 2.0 Spellcasting
 - Level 2.0 Transmutations


You had 3 spell levels left.
You knew the following spells:

 Your Spells              Type           Power        Failure   Level  Hunger
a - Beastly Appendage     Trmt           #.....       12%         1    ##.....
s - Sticks to Snakes      Trmt           #.........   17%         2    ###....


Dungeon Overview and Level Annotations

Branches:
Dungeon (2/15)

Altars:
Dithmenos
Elyvilon
Sif Muna


Innate Abilities, Weirdness & Mutations

Your plain brown scales are hard (AC +5).
Your body does not fit into most forms of armour.
Your cold-blooded metabolism reacts poorly to cold.
You have a pair of horns on your head.


Message History

Casting: Sticks to Snakes
Confirm with . or Enter, or press ? or * to list all spells.
You grow a pair of large bovine horns.
* * * LOW MAGIC WARNING * * *
The gnoll barely misses you. The gnoll hits you with a runed spear!
* * * LOW HITPOINT WARNING * * *
x2 You hit the gnoll.
The gnoll is heavily wounded.
The gnoll hits you with a runed spear!
* * * LOW HITPOINT WARNING * * *
x2 You closely miss the gnoll.
The gnoll is heavily wounded.
You hit the gnoll but do no damage.
The gnoll is heavily wounded.
The gnoll barely misses you.
You completely miss the gnoll.
The gnoll is heavily wounded.
The gnoll hits you with a runed spear!
You die...

........_# #.###.#.# # ..#...#..#
#.###.#.# . .........# #.##..#.#
. ########## #.##.##.# . ...
#.##.##.# ? #.# #.......# . #.#
####.#### . #
####.#########.#############.
#.###(....).....@g.))............
#....(###.##.......#############.
#.....# #....####### .
...##.###.#### . ......)...# .
..(#####..# . ## #..# . #..# .
########..# .


You could see a gnoll.

Vanquished Creatures
  2 gnolls
  An ooze (D:1)
  2 goblins
  8 hobgoblins
  8 jackals
  8 bats
  2 giant newts (D:1)
  2 kobolds
  5 rats (D:1)
38 creatures vanquished.

Vanquished Creatures (collateral kills)
  A gnoll (D:2)
1 creature vanquished.

Grand Total: 39 creatures vanquished

Notes
Turn   | Place    | Note
--------------------------------------------------------------
     0 | D:1      | PolkaDot, the Draconian Transmuter, began the quest for the Orb.
     0 | D:1      | Reached XP level 1. HP: 16/16 MP: 3/3
   376 | D:1      | Reached XP level 2. HP: 21/23 MP: 2/4
  1145 | D:1      | Reached XP level 3. HP: 26/29 MP: 6/6
  1231 | D:1      | Reached skill level 4 in Unarmed Combat
  1476 | D:1      | Learned a level 2 spell: Sticks to Snakes
  1555 | D:2      | Found a deep blue altar of Sif Muna.
  1643 | D:2      | Found a shadowy altar of Dithmenos.
  2051 | D:2      | Found a white marble altar of Elyvilon.
  2163 | D:2      | Slain by a gnoll

Action                   || total
-------------------------++-------
Melee: Unarmed           ||   145
 Cast: Beastly Appendage ||    16
       Sticks to Snakes  ||     2
  Eat: Chunk             ||     4
